 Dungeon Crawl Stone Soup version 0.16-a0-3873-g452e4d5 (webtiles) character file.

18 PolkaDot the Caller (level 2, -4/20 HPs)
             Began as a Vampire Summoner on Feb 1, 2015.
             Slain by a worm (10 damage)
             ... on level 2 of the Dungeon.
             The game lasted 00:02:43 (1628 turns).

PolkaDot the Caller (Vampire Summoner)              Turns: 1628, Time: 00:02:44

Health: -4/20      AC:  2    Str:  7    XL:     2   Next: 48%
Magic:  0/4        EV: 13    Int: 17    God:
Gold:   48         SH:  0    Dex: 14    Spells: 2 memorised, 2 levels left

rFire  . . .     SeeInvis +     g - +2 dagger (flame)
rCold  . . .     Clarity  .     a - +0 robe
rNeg   + + .     SustAb   .     (no shield)
rPois  .         Gourm    .     (no helmet)
rElec  .         Spirit   .     (no cloak)
rCorr  .         Warding  .     (no gloves)
rMut   .         Stasis   .     (no boots)
MR     .....                    (no amulet)
Stlth  ++........               (no ring)
                                d - ring of positive energy

@: very slightly contaminated, not resistant to hostile enchantments, unstealthy
A: bottle blood, fangs 3, see invisible, unbreathing
a: no special abilities


You were on level 2 of the Dungeon.
You were not thirsty.

You visited 1 branch of the dungeon, and saw 2 of its levels.

You collected 48 gold pieces.

Inventory:

Hand weapons
 g - a +2 dagger of flaming (weapon)
Armour
 a - a +0 robe (worn)
Jewellery
 d - a ring of positive energy (left hand)
Scrolls
 c - a scroll of amnesia {unknown}
 f - a scroll of magic mapping {unknown}
Potions
 e - a potion of cure mutation {unknown}
 h - a potion of curing {unknown}
 i - a potion of heal wounds {unknown}
Books
 b - a book of Callings

   Spells                             Type                      Level
   a - Summon Small Mammal            Summoning                    1
   b - Call Imp                       Summoning                    2
   c - Call Canine Familiar           Summoning                    3
   d - Summon Guardian Golem          Hexes/Summoning              4
   e - Summon Lightning Spire         Summoning/Air                4
   f - Summon Ice Beast               Ice/Summoning                4


   Skills:
 - Level 0.5 Fighting
 + Level 0.7 Short Blades
 + Level 2.5 Dodging
 - Level 3.0 Stealth
 - Level 2.0 Spellcasting
 * Level 4.3 Summonings


You had 2 spell levels left.
You knew the following spells:

 Your Spells              Type           Power        Failure   Level  Hunger
s - Call Imp              Summ           ###.....     6%          2    ###....
z - Summon Small Mammal   Summ           ###.         3%          1    #......


Dungeon Overview and Level Annotations

Branches:
Dungeon (2/15)

Altars:
Qazlal


Innate Abilities, Weirdness & Mutations

You can bottle blood from corpses.
You have razor-sharp teeth.
You have supernaturally acute eyesight.
You can survive without breathing.


Message History

Confirm with . or Enter, or press ? or * to list all spells.
You miscast Call Imp.
You are very lightly contaminated with residual magic.
A fistful of eyes flickers past your view.
* * * LOW MAGIC WARNING * * *
Your crimson imp hits the worm.
You hit the worm but do no damage. You bite the worm.
The worm is moderately wounded.
Your crimson imp hits the worm.
You hit the worm. You burn the worm.
The worm is heavily wounded.
The worm bites you!
Ouch! That really hurt!
* * * LOW HITPOINT WARNING * * *
Your crimson imp blinks!
You hit the worm. You burn the worm.
The worm is severely wounded.
The worm bites you!
Ouch! That really hurt!
You die...

##### .#
###...###.###
#E#...#E#...
####...###.# #
##.........## .#
#....._.....###.
#...........#..
#.###...###.#.######
#§#...#E#.#.@...5#
###...###...w§.#.#
......#.#.#.....#.#.#
.#...#.#.#.###.#.#.#
#...#...#.###.#.#.#
.......>....##.#.#.#
...........##.#.#.#
#.######....#.#.#.#
#.######.####.#.#.#


You could see a worm and a friendly crimson imp.

Vanquished Creatures
  A bat (D:2)
  3 hobgoblins (D:2)
  A quokka (D:2)
  2 giant newts
  A rat (D:1)
8 creatures vanquished.

Vanquished Creatures (collateral kills)
  An adder (D:2)
  A goblin (D:2)
  A hobgoblin (D:2)
  3 jackals (D:1)
  A bat (D:1)
  A kobold (D:2)
8 creatures vanquished.

Vanquished Creatures (others)
  A bat (D:2)
  A rat (D:1)
2 creatures vanquished.

Grand Total: 18 creatures vanquished

Notes
Turn   | Place    | Note
--------------------------------------------------------------
     0 | D:1      | PolkaDot, the Vampire Summoner, began the quest for the Orb.
     0 | D:1      | Reached XP level 1. HP: 13/13 MP: 3/3
  1190 | D:2      | Reached XP level 2. HP: 20/20 MP: 4/4
  1337 | D:2      | Learned a level 2 spell: Call Imp
  1577 | D:2      | Noticed a water elemental
  1580 | D:2      | Found a stormy altar of Qazlal.
  1581 | D:2      | Noticed an earth elemental
  1581 | D:2      | Noticed an air elemental
  1581 | D:2      | Noticed a fire elemental
  1628 | D:2      | Slain by a worm

Action                   || total
-------------------------++-------
Melee: Unarmed           ||    27
       Dagger            ||    21
 Cast: Summon Small Mamm ||    14
       Call Imp          ||     1
  Use: Potion            ||     1
 Stab: Sleeping          ||     2
  Eat: Corpse            ||     5
